 Dungeon Crawl Stone Soup version 0.24.0-123-gd5b16e6ec5 (webtiles) character file.

Game seed: 14995538505014857896, levelgen mode: deterministic

98 MisterOstroum the Sneak (level 4, 0/23 HPs)
             Began as a Spriggan Wanderer on Jan 7, 2020.
             Slain by an orc wizard
             ... wielding a cursed -1 dagger
              (2 damage)
             ... on level 3 of the Dungeon on Jan 8, 2020.
             The game lasted 00:17:46 (4248 turns).

MisterOstroum the Sneak (Spriggan Wanderer)         Turns: 4248, Time: 00:17:46

Health: 0/23       AC:  2    Str:  8    XL:     4   Next: 43%
Magic:  7/7        EV: 18    Int: 13    God:
Gold:   116        SH:  0    Dex: 16    Spells: 3/3 levels left

rFire    . . .     SeeInvis +   c - +0 short sword
rCold    . . .     Gourm    .   (shield restricted)
rNeg     . . .     Faith    .   n - +0 robe
rPois    .         Spirit   .   (helmet restricted)
rElec    .         Reflect  .   (no cloak)
rCorr    .         Harm     .   (gloves unavailable)
MR       .....                  (boots unavailable)
Stlth    ++++......             (no amulet)
HPRegen  0.07/turn              r - ring of stealth
MPRegen  0.10/turn              (no ring)

@: very quick
A: very small, unfitting armour, see invisible, herbivore, speed 3, slow
metabolism 2
a: no special abilities


You were on level 3 of the Dungeon.
You were not hungry.

You visited 1 branch of the dungeon, and saw 3 of its levels.

You collected 116 gold pieces.

Inventory:

Hand Weapons
 a - a +0 dagger
 b - a +0 hunting sling
 c - a +0 short sword (weapon)
 d - a +2 mace
Missiles
 g - 106 stones
 h - 2 atropa-tipped darts
 j - 23 poisoned darts (quivered)
 s - 48 arrows
 u - 12 sling bullets
 D - 2 boomerangs
Armour
 n - a +0 robe (worn)
Jewellery
 p - an uncursed amulet of rage {unknown}
 r - a ring of stealth (left hand)
Scrolls
 k - a scroll of magic mapping {!r, unknown}
 o - 4 scrolls of teleportation {!r, unknown}
 q - a scroll of fog {!r, unknown}
 t - 2 scrolls of identify {!r!r, unknown}
 v - a scroll of identify {!r, unknown}
 y - a scroll of amnesia {!r, unknown}
 z - a scroll of enchant armour {!r, unknown}
 B - a scroll of remove curse {!r, unknown}
 C - a scroll of blinking {!r, unknown}
Potions
 f - 2 potions of might {!q, unknown}
 i - a potion of magic {!q, unknown}
 l - 2 potions of agility {!q, unknown}
 m - 3 potions of curing {!q@q1 !q}
 w - a potion of resistance {!q, unknown}
 x - a potion of invisibility {!q, unknown}
 A - a potion of flight {!q, unknown}
Comestibles
 e - 6 rations


   Skills:
 + Level 2.9 Fighting
 - Level 1.5 Short Blades
 - Level 1.3(1.5) Maces & Flails
   Level 1.0(1.3) Staves
 - Level 1.0 Slings
 - Level 3.0 Dodging
 - Level 3.8 Stealth
   Level 2.6 Evocations


You had 3 spell levels left.
You didn't know any spells.
Your spell library was empty.

Dungeon Overview and Level Annotations

Branches:
Dungeon (3/15)

Altars:

Annotations:
D:3 Grinder


Innate Abilities, Weirdness & Mutations

You are very small and have problems with some larger weapons.
You are too small for most types of armour.
You have supernaturally acute eyesight. (SInv)
You are a herbivore.
You cover ground extremely quickly.
You need to consume almost no food.


Message History

You shoot a sling bullet.
The sling bullet hits the kobold but does no damage.
Firing (i - inventory. (/) - cycle)
u - 16 sling bullets (quivered)
Press: ? - help, Shift-Dir - straight line, f/p - orc wizard
Aim: an orc wizard, wielding a -1 dagger and wearing a +0 robe (heavily wounded)
You shoot a sling bullet.
The sling bullet closely misses the kobold.
The sling bullet hits the orc wizard.
The orc wizard is heavily wounded.
The orc wizard casts a spell.
The orc wizard flickers and vanishes for a moment.
Firing (i - inventory. (/) - cycle)
u - 15 sling bullets (quivered)
Press: ? - help, Shift-Dir - straight line, f/p - orc wizard
Aim: an orc wizard, wielding a -1 dagger and wearing a +0 robe (heavily wounded, slightly transparent)
You shoot a sling bullet. The sling bullet hits the kobold!
You kill the kobold!
Firing (i - inventory. (/) - cycle)
u - 14 sling bullets (quivered)
Press: ? - help, Shift-Dir - straight line, f/p - orc wizard
Aim: an orc wizard, wielding a -1 dagger and wearing a +0 robe (heavily wounded, slightly transparent)
You shoot a sling bullet.
The sling bullet closely misses the orc wizard.
The orc wizard hits you with a cursed -1 dagger.
Firing (i - inventory. (/) - cycle)
u - 13 sling bullets (quivered)
Press: ? - help, Shift-Dir - straight line, f/p - orc wizard
Aim: an orc wizard, wielding a -1 dagger and wearing a +0 robe (heavily wounded, slightly transparent)
You shoot a sling bullet.
The sling bullet closely misses the orc wizard.
The orc wizard barely misses you.
c - a +0 short sword (weapon)
You hit the orc wizard but do no damage.
The orc wizard is heavily wounded.
The orc wizard hits you but does no damage.
Unknown command.
You barely miss the orc wizard.
The orc wizard is heavily wounded.
The orc wizard barely misses you.
Quiver which item? (- for none, * to show all) (? for menu, Esc to quit)
Okay, then.
Quiver which item? (- for none, * to show all) (? for menu, Esc to quit)
Quivering
h - 4 atropa-tipped darts for throwing.
Throwing (i - inventory. (/) - cycle)
h - 4 atropa-tipped darts (quivered)
Press: ? - help, Shift-Dir - straight line, p - orc wizard You throw an atropa-tipped dart.
The atropa-tipped dart hits the orc wizard.
The orc wizard appears confused.
The orc wizard is heavily wounded.
The orc wizard closely misses you.
Unknown command.
Unknown command.
You closely miss the orc wizard.
The orc wizard is heavily wounded.
The orc wizard seems less confused.
The orc wizard gestures at you while chanting.
The magic dart hits you!
Press: ? - help, v - describe, . - travel, g - get item
Here: an orc wizard, wielding a -1 dagger and wearing a +0 robe (heavily wounded, slightly transparent, blind)
An atropa-tipped dart.
There is something else lying underneath.
The floor.
Unknown command.
You catch the helpless orc wizard completely off-guard!
You hit the orc wizard.
The orc wizard is severely wounded.
The orc wizard misses you.
You barely miss the orc wizard.
The orc wizard is severely wounded.
The orc wizard shouts!
The orc wizard misses you.
You closely miss the orc wizard.
The orc wizard is severely wounded.
The orc wizard is no longer blind.
The orc wizard hits you with a cursed -1 dagger.
You closely miss the orc wizard.
The orc wizard is severely wounded.
The orc wizard misses you.
You barely miss the orc wizard.
The orc wizard is severely wounded.
The orc wizard misses you.
Throwing (i - inventory. (/) - cycle)
h - 3 atropa-tipped darts (quivered)
Press: ? - help, Shift-Dir - straight line, f - orc wizard
Aim: an orc wizard, wielding a -1 dagger and wearing a +0 robe (severely wounded, slightly transparent, chance to blind on hit: 83%)
You throw an atropa-tipped dart.
The atropa-tipped dart completely misses the orc wizard.
The orc wizard hits you with a cursed -1 dagger.
Throwing (i - inventory. (/) - cycle)
j - 25 poisoned darts (quivered)
Press: ? - help, Shift-Dir - straight line, f/p - orc wizard
Aim: an orc wizard, wielding a -1 dagger and wearing a +0 robe (severely wounded, slightly transparent)
You throw a poisoned dart. The poisoned dart hits the orc wizard.
The orc wizard is poisoned.
The orc wizard is severely wounded.
The orc wizard hits you with a cursed -1 dagger.
* * * LOW HITPOINT WARNING * * *
Throwing (i - inventory. (/) - cycle)
j - 24 poisoned darts (quivered)
Press: ? - help, Shift-Dir - straight line, f/p - orc wizard
Aim: an orc wizard, wielding a -1 dagger and wearing a +0 robe (almost dead, poisoned, slightly transparent)
You throw a poisoned dart. The poisoned dart hits the orc wizard.
The orc wizard looks even sicker.
The orc wizard is almost dead.
The orc wizard hits you with a cursed -1 dagger.
You die...

####### #.##
♣ ######...
♣)
#####.....###
♣.?
#<..#.###.###
♣[.( #..##.#
#...# ♣...♣♣
#.....# ###.#
♣.((♣♣
####### #.#
♣o♣♣ #.. ♣
♣♣@♣ ### ♣.
♣.♣♣ ♣.♣♣
♣♣.♣ ♣.. ♣.♣♣
♣.♣♣♣♣♣♣♣
♣♣.♣
♣..♣♣...♣♣
♣.♣♣
♣..♣.♣♣.♣♣
♣♣.♣
♣.♣o♣♣♣♣)♣
♣.♣ ♣...♣♣♣
♣.♣♣♣♣.♣ #..


You could see an orc wizard (invisible).

Vanquished Creatures
  3 adders
  A worm (D:2)
  2 dart slugs
  5 orcs (D:3)
  8 bats
  2 giant cockroaches (D:3)
  3 goblins
  9 hobgoblins
  2 ball pythons
  9 frilled lizards
  8 kobolds
  13 rats
65 creatures vanquished.

Notes
Turn   | Place    | Note
-------+----------+-------------------------------------------
     0 | D:1      | MisterOstroum the Spriggan Wanderer began the quest for the
                  | Orb.
     0 | D:1      | MisterOstroum set off with the following items: a +2 mace,
                  | a potion of curing {!q@q1 !q}, a +0 robe, a +0 dagger, a
                  | ration
     0 | D:1      | Reached XP level 1. HP: 10/10 MP: 3/3
   667 | D:1      | Reached skill level 1 in Short Blades
   667 | D:1      | Reached XP level 2. HP: 13/14 MP: 5/5
  1173 | D:2      | Reached skill level 1 in Slings
  1666 | D:2      | Reached XP level 3. HP: 18/18 MP: 6/6
  3364 | D:3      | Reached XP level 4. HP: 23/23 MP: 7/7
  3415 | D:3      | Noticed Grinder
  4248 | D:3      | Slain by an orc wizard

Levels and vault maps discovered:
D:1:      roderic_dead_forest, layout_loops_ring
D:2:      layout_basic, minivault_4
D:3:      kb_forest_paths, layout_basic, uniq_grinder

Skill      XL: |  1  2  3 |
---------------+----------+-----
Short Blades   | 1 |  1.5
Slings         | 1 |  1.0
Fighting       | 2 |  2.9
Maces & Flails | |  1.3
Staves         | |  1.0
Dodging        | |  3.0
Stealth        | |  3.8
Evocations     | |  2.6

Action                   |  1- 3 |  4- 6 || total
-------------------------+-------+-------++-------
Melee: Dagger            |    87 |     5 ||    92
       Mace              |    10 |       ||    10
       Short sword       |       |     8 ||     8
 Fire: Hunting sling     |    83 |    76 ||   159
Throw: Stone             |    16 |       ||    16
       Dart              |    29 |    14 ||    43
 Stab: Sleeping          |     7 |       ||     7
       Invisible         |       |     1 ||     1
  Eat: Ration            |       |     1 ||     1
Armor: Robe              |    17 |     2 ||    19
Dodge: Dodged            |   101 |    20 ||   121
